 Dungeon Crawl Stone Soup version 0.29-a0-557-g43b9904bd1 (webtiles) character file.

Game seed: 12072251673015903761

103 DocClef the Covert (level 4, -1/41 HPs)
             Began as a Gnoll Delver on June 8, 2022.
             Slain by Edmund
             ... wielding a +2 flail of holy wrath
              (2 damage)
             ... on level 4 of the Dungeon.
             The game lasted 00:00:26 (480 turns).

DocClef the Covert (Gnoll Delver)                    Turns: 480, Time: 00:00:26

Health: -1/41      AC:  3    Str: 13    XL:     4   Next: 79%
Magic:  5/5        EV: 13    Int: 10    God:
Gold:   15         SH:  0    Dex: 13    Spells: 5/5 levels left

rFire   . . .      SeeInvis .   a - +0 short sword
rCold   . . .      Faith    .   (no shield)
rNeg    . . .      Spirit   .   b - +0 leather armour
rPois   .          Reflect  .   (no helmet)
rElec   .          Harm     .   (no cloak)
rCorr   .          Rampage  .   (no gloves)
Will    .....                   (no boots)
Stlth   ++++......              (no amulet)
HPRegen 0.13/turn               (no ring)
MPRegen 0.09/turn               (no ring)

@: no status effects
A: fangs 1, strong nose, distributed training
a: no special abilities


You were on level 4 of the Dungeon.
You visited 1 branch of the dungeon, and saw 2 of its levels.

You collected 15 gold pieces.

Inventory:

Hand Weapons
 a - a +0 short sword (weapon)
Armour
 b - a +0 leather armour (worn)
Wands
 g - a wand of digging (3)
Scrolls
 c - a scroll of fog
 d - a scroll of magic mapping
 e - a scroll of fear
Potions
 f - a potion of haste


   Skills:
 + Level 6.6 Fighting
 + Level 4.7 Short Blades
 + Level 1.2 Long Blades
 + Level 1.2 Axes
 + Level 1.2 Maces & Flails
 + Level 1.2 Polearms
 + Level 1.2 Staves
 + Level 1.2 Slings
 + Level 1.2 Bows
 + Level 1.2 Crossbows
 + Level 1.2 Throwing
 + Level 1.2 Armour
 + Level 4.7 Dodging
 + Level 9.6 Stealth
 + Level 1.2 Shields
 + Level 1.2 Unarmed Combat
 + Level 1.2 Spellcasting
 + Level 1.0 Conjurations
 + Level 1.0 Hexes
 + Level 1.0 Summonings
 + Level 1.0 Necromancy
 + Level 1.0 Translocations
 + Level 1.0 Transmutations
 + Level 1.0 Fire Magic
 + Level 1.0 Ice Magic
 + Level 1.0 Air Magic
 + Level 1.0 Earth Magic
 + Level 1.0 Poison Magic
 + Level 1.3 Invocations
 + Level 1.2 Evocations


You had 5 spell levels left.
You didn't know any spells.
Your spell library was empty.

Dungeon Overview and Level Annotations

Branches:
Dungeon (5/15)
 Temple: D:4-7

Altars:

Annotations:
D:4 Edmund


Innate Abilities, Weirdness & Mutations

You have very sharp teeth.
Your uncanny sense of smell can sniff out nearby items.
Your experience applies equally to all skills.


Message History

You are too injured to fight recklessly!
You hit Edmund.
Edmund is moderately wounded.
Edmund hits you with a +2 flail of holy wrath.
* * * LOW HITPOINT WARNING * * *
You hit Edmund.
Edmund is moderately wounded.
Edmund hits you with a +2 flail of holy wrath.
* * * LOW HITPOINT WARNING * * *
You hit Edmund but do no damage.
Edmund is moderately wounded.
Edmund completely misses you.
Unknown command.
You hit Edmund.
Edmund is heavily wounded.
Edmund barely misses you.
Unknown command.
You hit Edmund.
Edmund is heavily wounded.
Unknown command.
You hit Edmund.
Edmund is heavily wounded.
Edmund misses you.
Unknown command.
You closely miss Edmund. You bite Edmund, but do no damage.
Edmund is heavily wounded.
Edmund misses you.
Unknown command.
You hit Edmund but do no damage.
Edmund is heavily wounded.
Edmund hits you with a +2 flail of holy wrath!
* * * LOW HITPOINT WARNING * * *
You hit Edmund.
Edmund is heavily wounded.
Edmund barely misses you.
Unknown command.
You hit Edmund but do no damage. You bite Edmund, but do no damage.
Edmund is heavily wounded.
Edmund hits you with a +2 flail of holy wrath.
You die...

....
..#
./#
#.#
#.#
#.#
#.#
#.#
#@#
#@#
#.#
#.#
#.#
#.#
#.#
#.#


You could see Edmund.

Vanquished Creatures
  An ogre (D:5)
  2 ufetubi
  A worm (D:4)
  A dart slug (D:5)
  An orc (D:4)
  A goblin (D:4)
7 creatures vanquished.

Notes
Turn   | Place    | Note
-------+----------+-------------------------------------------
     0 | D:5      | Reached skill level 9 in Stealth
     0 | D:5      | DocClef the Gnoll Delver began the quest for the Orb.
     0 | D:5      | Reached XP level 1. HP: 23/23 MP: 1/1
   104 | D:5      | Reached XP level 2. HP: 29/29 MP: 2/2
   171 | D:5      | Noticed an ogre
   178 | D:5      | Killed an ogre
   179 | D:5      | Reached skill level 1 in Long Blades
   179 | D:5      | Reached skill level 1 in Axes
   179 | D:5      | Reached skill level 1 in Maces & Flails
   179 | D:5      | Reached skill level 1 in Polearms
   179 | D:5      | Reached skill level 1 in Staves
   179 | D:5      | Reached skill level 1 in Slings
   179 | D:5      | Reached skill level 1 in Bows
   179 | D:5      | Reached skill level 1 in Crossbows
   179 | D:5      | Reached skill level 1 in Throwing
   179 | D:5      | Reached skill level 1 in Armour
   179 | D:5      | Reached skill level 1 in Shields
   179 | D:5      | Reached skill level 1 in Unarmed Combat
   179 | D:5      | Reached skill level 1 in Spellcasting
   179 | D:5      | Reached skill level 1 in Conjurations
   179 | D:5      | Reached skill level 1 in Hexes
   179 | D:5      | Reached skill level 1 in Summonings
   179 | D:5      | Reached skill level 1 in Necromancy
   179 | D:5      | Reached skill level 1 in Translocations
   179 | D:5      | Reached skill level 1 in Transmutations
   179 | D:5      | Reached skill level 1 in Fire Magic
   179 | D:5      | Reached skill level 1 in Ice Magic
   179 | D:5      | Reached skill level 1 in Air Magic
   179 | D:5      | Reached skill level 1 in Earth Magic
   179 | D:5      | Reached skill level 1 in Poison Magic
   179 | D:5      | Reached skill level 1 in Invocations
   179 | D:5      | Reached skill level 1 in Evocations
   179 | D:5      | Reached XP level 3. HP: 35/35 MP: 2/4
   179 | D:5      | Reached XP level 4. HP: 41/41 MP: 2/5
   453 | D:4      | Noticed Edmund
   478 | D:4      | HP: 1/41 [Edmund/+2 flail of holy wrath (7)]
   480 | D:4      | Slain by Edmund

Illustrated notes

Levels and vault maps discovered:
D:4:      nicolae_cairo_tiling_very_big, layout_loops_ring,
          amethyst_overflow_temple_binary, hangedman_decor_points, uniq_edmund
D:5:      layout_basic

Skill      XL: |  1  2 |
---------------+-------+-----
Stealth        | |  9.6
Long Blades    | 1 |  1.2
Axes           | 1 |  1.2
Maces & Flails | 1 |  1.2
Polearms       | 1 |  1.2
Staves         | 1 |  1.2
Slings         | 1 |  1.2
Bows           | 1 |  1.2
Crossbows      | 1 |  1.2
Throwing       | 1 |  1.2
Armour         | 1 |  1.2
Shields        | 1 |  1.2
Unarmed Combat | 1 |  1.2
Spellcasting   | 1 |  1.2
Conjurations   | 1 |  1.0
Hexes          | 1 |  1.0
Summonings     | 1 |  1.0
Necromancy     | 1 |  1.0
Translocations | 1 |  1.0
Transmutations | 1 |  1.0
Fire Magic     | 1 |  1.0
Ice Magic      | 1 |  1.0
Air Magic      | 1 |  1.0
Earth Magic    | 1 |  1.0
Poison Magic   | 1 |  1.0
Invocations    | 1 |  1.3
Evocations     | 1 |  1.2
Fighting       | |  6.6
Short Blades   | |  4.7
Dodging        | |  4.7

Action                   |  1- 3 |  4- 6 || total
-------------------------+-------+-------++-------
Melee: Short sword       |     3 |    47 ||    50
       Bite              |       |     4 ||     4
       Punch             |       |     2 ||     2
  Use: Scroll            |       |     1 ||     1
 Stab: Sleeping          |     3 |     2 ||     5
Armor: Leather armour    |       |     5 ||     5
Dodge: Dodged            |       |    42 ||    42

Table legend: (Time is in decaauts)
 A = Elapsed time spent in this place.
 B = Non-inter-level travel time spent in this place.
 C = Inter-level travel time spent in this place.
 D = Time resting spent in this place.
 E = Time spent auto-exploring this place.
 F = Levels seen in this place.
 G = Mean time per level.
                   A        B        C        D        E       F      G
               +--------+--------+--------+--------+--------+-----+--------+
         Total |    472 |    472 |      0 |    181 |    210 |   2 |  236.0 |
       Dungeon |    472 |    472 |      0 |    181 |    210 |   2 |  236.0 |
               +--------+--------+--------+--------+--------+-----+--------+

Top non-repeatable levels by time:
     D:4: 291 daAuts
     D:5: 181 daAuts
